AoeStats
← SellickSquare

Arabia

510147741Analyzed
1v1 RM · 21h ago on Sep 29, 2026· 44m 25s· 2 players
Game mode
Random Map
Map size
Tiny (2 player)
Population
200
Speed
Normal
Resources
Standard
Victory
Conquest
Starting age
Dark Age
Ending age
Imperial Age
RankedLock teamsTeams togetherTeam positionsShared explorationLock speedFull tech treeHidden civsTurbo modeCheats
Victory
Defeat
🇦🇷 Khitans · Argentina
1136
+18
🇬🇧 Mongols · United Kingdom
1173
-18
GonzaTuc
9:29 Feudal Age
19:13 Castle Age
17:41 Double-Bit Axe
17:39 Domestication
17:51 Gold Mining
18:40 Wheelbarrow
22:00 Forging
26:37 Pastoralism
29:00 Fletching
32:32 Imperial Age
30:24 Padded Archer Armor
30:19 Bodkin Arrow
31:49 Hand Cart
31:50 Elite Skirmisher
33:23 Leather Archer Armor
34:52 Ballistics
36:54 Heavy Camel Rider
38:55 Iron Casting
38:26 Scale Barding Armor
38:57 Bracer
39:27 Ring Archer Armor
40:00 Chemistry
38:28 Light Cavalry
39:29 Bow Saw
39:28 Husbandry
39:51 Town Watch
39:53 Loom
39:42 Hussar
40:43 Chain Barding Armor
43:13 Transhumance
43:10 Conscription
42:58 Lamellar Armor
44:27 Plate Barding Armor
SellickSquare
7:05 Loom
9:28 Feudal Age
10:02 Double-Bit Axe
16:15 Wheelbarrow
16:19 Scale Barding Armor
19:59 Castle Age
18:03 Horse Collar
18:29 Gold Mining
19:13 Scale Barding Armor
19:07 Stone Mining
19:57 Fletching
21:04 Bow Saw
21:00 Heavy Plow
21:16 Padded Archer Armor
22:19 Bodkin Arrow
23:26 Town Watch
23:58 Leather Archer Armor
24:37 Gold Shaft Mining
26:41 Bloodlines
26:32 Husbandry
27:23 Thumb Ring
28:06 Light Cavalry
29:36 Ballistics
31:07 Scale Barding Armor
37:25 Imperial Age
35:18 Hand Cart
36:24 Masonry
36:10 Murder Holes
38:40 Stone Shaft Mining
38:09 Bracer
39:54 Chemistry
40:37 Parthian Tactics
40:37 Chain Barding Armor
41:07 Hussar
41:34 Hussar
43:30 Conscription
43:47 Hoardings
Connection lost

Rejoining the realm…

Still unreachable

The connection could not be restored.

Session expired

The server has moved on; the page needs a fresh start.